 Dungeon Crawl Stone Soup version 0.25-a0-578-gc91f01c (webtiles) character file.

Game seed: 10663631868723729413, levelgen mode: deterministic

176908 Faels the Slicer (level 17, -11/122 HPs)
             Began as a Demonspawn Fighter on Mar 6, 2020.
             Was a High Priest of Okawaru.
             Killed from afar by Bai Suzhen (26 damage)
             ... with a torrent of water
             ... on level 4 of the Swamp on Mar 7, 2020.
             The game lasted 03:14:42 (50985 turns).

Faels the Slicer (Demonspawn Fighter)              Turns: 50985, Time: 03:14:43

Health: -11/122    AC: 22    Str: 24    XL:     17   Next: 52%
Magic:  0/23       EV: 20    Int: 11    God:    Okawaru [*****.]
Gold:   761        SH: 10    Dex: 16    Spells: 4/25 levels left

rFire    + . .     SeeInvis .   a - +1 rapier (elec)
rCold    + . .     Gourm    .   r - +3 buckler {rC+ rF+}
rNeg     + + .     Faith    .   G - +3 swamp dragon scales
rPois    +         Spirit   +   w - +1 helmet of Hospitality {rElec MR++}
rElec    +         Reflect  .   d - +2 cloak {rPois}
rCorr    +         Harm     .   h - +0 pair of gloves "Ilaibezi" {+Inv rN+ Str+3}
MR       +++..                  (boots unavailable)
Stlth    ++........             W - amulet of rage
HPRegen  0.30/turn              c - ring of resist corrosion
MPRegen  0.36/turn              M - ring of wizardry

@: very slow
A: talons 3, thin metallic scales 2, negative energy resistance 1, sense
surroundings 1, spiny 1, strong 1, magic shield, magic regeneration, magic link,
MP-powered wands
a: Heroism, Finesse, Renounce Religion, Evoke Berserk Rage, Evoke Invisibility


You were on level 4 of the Swamp.
You worshipped Okawaru.
Okawaru was extremely pleased with you.
You were not hungry.

You visited 7 branches of the dungeon, and saw 30 of its levels.
You also visited: Gauntlet and Ice Cave.

You collected 3600 gold pieces.
You spent 2839 gold pieces at shops.

Inventory:

Hand Weapons
 a - a +1 rapier of electrocution (weapon)
 K - a +2 rapier of venom
 P - a +0 scimitar of flaming
Missiles
 o - 7 throwing nets
 F - 60 poisoned darts (quivered)
 U - 29 javelins
Armour
 d - a +2 cloak of poison resistance (worn)
 h - the +0 pair of gloves "Ilaibezi" (worn) {+Inv rN+ Str+3}
   (You found it in a Gauntlet)

   It affects your strength (+3).
   It protects you from negative energy.
   It lets you turn invisible.
   If you remove this armour, your AC will decrease by 1 (22 -> 21).
 r - a +3 buckler of resistance (worn)
 w - the +1 helmet of Hospitality (worn) {rElec MR++}
   (Okawaru gifted it to you on level 5 of the Lair of Beasts)

   It insulates you from electricity.
   It affects your resistance to hostile enchantments.
   If you remove this armour, your AC will decrease by 2 (22 -> 20).
 G - +3 swamp dragon scales (worn)
Jewellery
 c - a ring of resist corrosion (left hand)
 j - an uncursed ring of protection from cold
 k - an uncursed ring of protection from fire
 x - an uncursed ring of protection from magic
 J - an uncursed ring of flight
 M - a ring of wizardry (right hand)
 W - an amulet of rage (around neck)
Wands
 b - a wand of digging (16)
 i - a wand of polymorph (10)
 l - a wand of iceblast (34)
 v - a wand of acid (9)
 H - a wand of flame (41)
 L - a wand of paralysis (9)
 Y - a wand of enslavement (4)
 Z - a wand of disintegration (3)
Scrolls
 e - 5 scrolls of remove curse
 g - a scroll of fog
 q - 3 scrolls of magic mapping
 O - 13 scrolls of teleportation
 S - 2 scrolls of blinking
 V - 4 scrolls of fear
Potions
 m - 4 potions of curing
 n - a potion of might
 p - 6 potions of heal wounds
 s - 5 potions of magic
 t - a potion of flight
 u - 3 potions of cancellation
 z - 2 potions of haste
 B - 7 potions of ambrosia
 D - a potion of resistance
 E - a potion of brilliance
 I - 3 potions of lignification
Miscellaneous
 y - a lamp of fire
 A - a tin of tremorstones
 C - a lightning rod (4/4)
 R - a phial of floods
 X - 2 phantom mirrors
Comestibles
 f - 18 rations


   Skills:
 + Level 8.1 Fighting
 - Level 14.2 Short Blades
 - Level 5.7 Throwing
 + Level 7.5 Armour
 + Level 12.1 Dodging
 - Level 10.0 Stealth
 + Level 11.5 Shields
 - Level 4.6 Spellcasting
 - Level 10.1 Necromancy
 - Level 7.4 Poison Magic
 - Level 6.7 Invocations
 + Level 8.6 Evocations


You had 4 spell levels left.
You knew the following spells:

 Your Spells              Type           Power        Failure   Level  Hunger
a - Animate Skeleton      Necr           N/A          1%          1    None
b - Olgreb's Toxic Radia  Pois           ###.....     6%          4    ####...
c - Sting                 Tmut/Pois      ##..         2%          1    None
d - Poisonous Vapours     Pois/Air       ##....       4%          2    ##.....
e - Animate Dead          Necr           N/A          1%          4    ####...
f - Pain                  Necr           ###.         1%          1    None
g - Vampiric Draining     Necr           ###.......   1%          3    ###....
h - Agony                 Necr           ###.....     6%          5    ######.

Your spell library contained the following spells:

 Spells                   Type           Power        Failure   Level  Hunger
 Apportation              Tloc           #.....       13%         1    None
 Corona                   Hex            #......      13%         1    None
 Foxfire                  Conj/Fire      #...         13%         1    None
 Shock                    Conj/Air       #...         13%         1    None
 Summon Butterflies       Summ           #.......     13%         1    None
 Summon Small Mammal      Summ           #...         13%         1    None
 Ignite Poison            Fire/Tmut/Pois #.......     14%         3    ###....
 Mephitic Cloud           Conj/Pois/Air  #.......     14%         3    ###....
 Call Imp                 Summ           #.......     21%         2    ##.....
 Ensorcelled Hibernation  Hex/Ice        #.....       21%         2    ##.....
 Swiftness                Chrm/Air       #.......     21%         2    ##.....
 Call Canine Familiar     Summ           #.......     36%         3    ###....
 Confusing Touch          Hex            #.......     36%         3    ###....
 Conjure Flame            Conj/Fire      #.......     36%         3    ###....
 Dazzling Flash           Conj/Hex       #.....       36%         3    ###....
 Frozen Ramparts          Ice            #.....       36%         3    ###....
 Gell's Gravitas          Tloc           #.........   36%         3    ###....
 Inner Flame              Hex/Fire       #.......     36%         3    ###....
 Lesser Beckoning         Tloc           #.........   36%         3    ###....
 Static Discharge         Conj/Air       #.......     36%         3    ###....
 Summon Guardian Golem    Hex/Summ       #.......     36%         3    ###....
 Tukima's Dance           Hex            #.......     36%         3    ###....
 Airstrike                Air            #.........   75%         4    ####...
 Petrify                  Tmut/Erth      #.......     75%         4    ####...
 Sticky Flame             Conj/Fire      #.......     75%         4    ####...
 Summon Ice Beast         Ice/Summ       #.......     75%         4    ####...
 Summon Lightning Spire   Summ/Air       #.......     75%         4    ####...
 Alistair's Intoxication  Tmut/Pois      ##......     58%         5    ######.
 Bolt of Magma            Conj/Fire/Erth #.........   97%         5    ######.
 Fireball                 Conj/Fire      #.........   97%         5    ######.
 Iskenderun's Battlesphe  Conj/Chrm      #.......     97%         5    ######.
 Lightning Bolt           Conj/Air       #.........   97%         5    ######.
 Metabolic Englaciation   Hex/Ice        #.........   97%         5    ######.
 Silence                  Hex/Air        #.........   97%         5    ######.
 Summon Mana Viper        Hex/Summ       #.......     97%         5    ######.
 Yara's Violent Unravell  Hex/Tmut       #.........   97%         5    ######.
 Conjure Ball Lightning   Conj/Air       #.........   100%        6    #######
 Deflect Missiles         Chrm/Air       #.........   100%        6    #######
 Invisibility             Hex            #.......     100%        6    #######
 Iron Shot                Conj/Erth      #.........   100%        6    #######
 Shadow Creatures         Summ           N/A          100%        6    #######
 Orb of Destruction       Conj           #.........   100%        7    #######
 Spellforged Servitor     Conj/Summ      #.........   100%        7    #######
 Summon Hydra             Summ           #.........   100%        7    #######
 Tornado                  Air            #.........   100%        9    #######


Dungeon Overview and Level Annotations

Branches:
Dungeon (14/15)            Temple (1/1) D:7            Lair (6/6) D:9
  Swamp (4/4) Lair:2       Spider (1/4) Lair:4        Slime (0/5) Lair:6
    Orc (2/2) D:11            Elf (2/3) Orc:2        Vaults (0/5) D:14
  IceCv (visited)         Gauntlet (visited)

Altars:
Ashenzari
Cheibriados
Dithmenos
Elyvilon
Fedhas
Gozag
Hepliaklqana
Kikubaaqudgha
Makhleb
Nemelex Xobeh
Okawaru
Qazlal
Ru
Sif Muna
Trog
Uskayaw
Vehumet
Wu Jian
Xom
Yredelemnul
Zin
The Shining One
Beogh

Shops:
D:6 :   D:8 }   D:12 :   D:13 :   D:14 ([![(   Orc:2 *::}

Annotations:
Swamp:4 Bai Suzhen


Innate Abilities, Weirdness & Mutations

You have claws for feet.
You are mostly covered in thin metallic scales. (AC +3)
You resist negative energy. (rN+)
You are partially covered in sharp spines.
When hurt, damage is shared between your health and your magic reserves.
You regenerate magic rapidly.
When low on magic, you restore magic in place of health.
You passively map a small area around you.
Your muscles are strong. (Str +2)
You expend magic power (3 MP) to strengthen your wands.


Message History

You're too confused to move!
You feel less invigorated.
You feel less confused. Bai Suzhen misses you.
Bai Suzhen claws you but does no damage.
Bai Suzhen barely misses you.
The eight-headed hydra is struck by lightning.
You are standing in a thunderstorm.
The eight-headed hydra is struck by your spines.
The eight-headed hydra completely misses you.
The eight-headed hydra bites you!
* * * LOW HITPOINT WARNING * * *
The eight-headed hydra bites you.
You block the eight-headed hydra's attack.
The eight-headed hydra bites you but does no damage.
The eight-headed hydra bites you.
* * * LOW HITPOINT WARNING * * *
The eight-headed hydra bites you but does no damage. x2
Bai Suzhen breathes water at you. The torrent of water hits you!!!
You die...

♣♣♣ ♣♣≈. ♣♣♣♣
♣♣♣♣<≈. ♣♣§@♣
♣♣♣♣♣♣≈...≈.
♣§DD♣♣♣♣♣≈÷≈≈..≈≈≈..
♣♣≈≈♣.≈≈≈.}...≈≈≈≈..
♣.≈≈..≈.≈♣...≈≈≈≈≈.≈
♣§...≈≈≈....≈≈≈≈≈≈≈.
♣≈§≈.≈≈≈≈≈.≈≈≈≈≈≈≈≈.
♣.≈≈.≈....≈≈≈≈≈.≈≈♣♣
♣♣♣...≈≈≈≈≈≈≈≈.♣≈≈♣
♣♣≈≈.≈≈≈≈≈≈.≈♣♣.≈♣


You could see Bai Suzhen and an eight-headed hydra.

Vanquished Creatures
  Rupert (D:13)
  A deep elf blademaster (Elf:2)
  A deep elf sorcerer (Elf:2)
  Nessos (D:13)
  Azrael (D:14)
  A minotaur (Gauntlet)
  2 deep elf annihilators
  A dire elephant (Lair:6)
  2 deep elf death magi
  A great orb of eyes (Gauntlet)
  Josephine (Lair:6)
  Fannar (D:11)
  2 ice dragons (IceCv)
  3 vault guards (D:14)
  Harold (D:11)
  Erolcha (D:13)
  13 hydras
  3 shambling mangroves
  3 two-headed ogres
  2 catoblepae
  2 centaur warriors
  3 death yaks (Lair:6)
  A queen ant (Gauntlet)
  A deep troll shaman (Lair:6)
  26 dancing weapons
  6 alligators
  An orc high priest (Orc:1)
  15 deep elf knights
  Urug (Orc:1)
  A fire crab (Lair:6)
  2 unseen horrors
  5 swamp dragons
  2 spriggan druids
  An obsidian statue (Lair:3)
  9 deep elf archers
  4 orc knights
  A wolf spider zombie (D:12)
  4 wolf spiders (Spider:1)
  3 ugly things
  An orb spider (Spider:1)
  4 cyclopes
  56 deep elf magi
  An oklob plant (Lair:5)
  2 manticores
  9 elephants
  2 ice statues (IceCv)
  2 centaur zombies
  A torpor snail (Spider:1)
  A black mamba (Lair:4)
  2 gargoyles (D:11)
  15 spiny frogs
  Maggie (D:8)
  5 demonic crawlers (Spider:1)
  An efreet (D:14)
  2 rime drakes
  A freezing wraith (D:14)
  4 komodo dragons
  2 wandering mushrooms (Lair:5)
  A tengu conjurer (D:13)
  16 hornets
  9 tyrant leeches
  3 jumping spiders (Spider:1)
  4 trolls
  12 hippogriffs
  6 slime creatures
  6 bog bodies
  26 blink frogs
  9 dream sheep
  2 air elementals (Elf:1)
  6 tarantellas (Spider:1)
  3 spriggans
  A water elemental (Elf:1)
  A centaur simulacrum (D:13)
  7 wyverns
  3 redbacks (Spider:1)
  4 humans (D:14)
  6 wraiths
  6 shadows
  21 yaks
  2 basilisks
  A fire elemental (Elf:2)
  2 hungry ghosts
  4 wargs
  2 steam dragons
  4 soldier ants (Gauntlet)
  10 vampire mosquitoes
  17 swamp worms
  15 water moccasins
  An acid dragon (D:13)
  7 porcupines
  3 sky beasts
  6 swamp drakes
  4 black bears
  39 orc warriors
  3 eyes of draining
  2 phantoms
  16 ice beasts
  10 ogres
  2 necrophages
  10 wolves
  20 centaurs
  19 crocodiles
  3 big kobolds
  24 bullfrogs
  2 earth elementals
  3 scorpions
  16 killer bees
  10 wights
  2 howler monkeys (D:13)
  3 electric eels
  8 crimson imps
  4 bullfrog zombies
  A quasit (D:12)
  A hound (D:10)
  27 orc priests
  A jelly (D:9)
  3 bullfrog skeletons
  A centaur skeleton (D:8)
  29 orc wizards
  9 iguanas
  17 worker ants
  A hound zombie (D:6)
  2 hound skeletons
  3 worker ant zombies
  Robin (D:3)
  11 adders
  5 shadow imps
  12 white imps (D:11)
  2 oozes
  An adder zombie (D:6)
  An adder skeleton (D:7)
  2 worms (D:3)
  A dart slug (D:3)
  18 leopard geckos
  108 orcs
  7 bats
  9 giant cockroaches
  2 gnoll zombies (D:9)
  17 goblins
  8 hobgoblins
  13 jackals
  33 kobolds
  2 quokkas
  2 ball pythons
  9 frilled lizards
  2 leopard gecko zombies
  6 rats
  7 plants
1042 creatures vanquished.

Vanquished Creatures (collateral kills)
  A deep elf death mage (Elf:1)
  2 hydras
  4 alligators
  4 spriggans
  A deep elf knight (D:13)
  3 swamp dragons
  An orb spider (Spider:1)
  2 deep elf magi (Elf:1)
  An elephant (Lair:6)
  3 hornets
  4 slime creatures (Swamp:2)
  A dream sheep (Lair:6)
  A tarantella (Spider:1)
  A shadow (Swamp:1)
  A basilisk (D:12)
  A yak (D:14)
  5 humans (D:14)
  2 vampire mosquitoes
  2 swamp worms
  3 orc warriors
  2 swamp drakes (Swamp:4)
  2 wolves (Lair:6)
  A killer bee (D:12)
  2 wights (D:13)
  A crimson imp (D:14)
  An orc priest (Orc:1)
  5 orcs
  A plant (Lair:6)
58 creatures vanquished.

Vanquished Creatures (others)
  A centaur warrior (D:13)
  A spriggan berserker (Swamp:4)
  A swamp dragon (Swamp:4)
  2 deep elf magi
  A rime drake (IceCv)
  A swamp drake (Swamp:4)
  An earth elemental (Elf:1)
  An orc (D:12)
  A bush (Lair:2)
  19 fungi
  18 plants
47 creatures vanquished.

Grand Total: 1147 creatures vanquished

Notes
Turn   | Place    | Note
-------+----------+-------------------------------------------
     0 | D:1      | Faels the Demonspawn Fighter began the quest for the Orb.
     0 | D:1      | Reached XP level 1. HP: 18/18 MP: 1/1
   131 | D:1      | Reached skill level 2 in Short Blades
   155 | D:1      | Gained mutation: You have sharp toenails. [demonic
                  | ancestry]
   155 | D:1      | Reached XP level 2. HP: 24/24 MP: 2/2
   773 | D:1      | Reached skill level 1 in Dodging
  1034 | D:2      | Reached skill level 3 in Short Blades
  1034 | D:2      | Gained mutation: When hurt, damage is shared between your
                  | health and your magic reserves. [demonic ancestry]
  1034 | D:2      | Reached XP level 3. HP: 25/29 MP: 3/3
  2192 | D:3      | Gained mutation: You regenerate magic rapidly. [demonic
                  | ancestry]
  2192 | D:3      | Reached XP level 4. HP: 35/35 MP: 4/4
  2450 | D:3      | Reached skill level 4 in Short Blades
  2459 | D:3      | Noticed Robin
  2471 | D:3      | Killed Robin
  3009 | D:3      | Reached XP level 5. HP: 10/41 MP: 3/5
  3841 | D:4      | Reached skill level 5 in Short Blades
  4168 | D:4      | Noticed an ogre
  4181 | D:4      | Killed an ogre
  4181 | D:4      | Reached XP level 6. HP: 22/47 MP: 3/6
  4425 | D:4      | Found a radiant altar of Vehumet.
  4444 | D:4      | Reached skill level 6 in Short Blades
  4517 | D:4      | Found an ancient bone altar of Kikubaaqudgha.
  4518 | D:4      | Found a shimmering blue altar of Sif Muna.
  4523 | D:4      | Identified Kikubaaqudgha's Tome of Black Arts
  5155 | D:5      | Entered Level 5 of the Dungeon
  5335 | D:5      | Reached skill level 7 in Short Blades
  5335 | D:5      | Gained mutation: You are partially covered in thin metallic
                  | scales. (AC +2) [demonic ancestry]
  5335 | D:5      | Reached XP level 7. HP: 19/52 MP: 2/7
  5999 | D:5      | Found a hide-covered altar of Uskayaw.
  6070 | D:5      | Found a shattered altar of Ashenzari.
  6727 | D:6      | Reached skill level 8 in Short Blades
  7099 | D:6      | Gained mutation: You have razor-sharp toenails. [demonic
                  | ancestry]
  7099 | D:6      | Reached XP level 8. HP: 43/58 MP: 8/8
  7242 | D:6      | Found a glowing silver altar of Zin.
  7279 | D:6      | Reached skill level 9 in Short Blades
  7379 | D:6      | Found Jerrih's Book Shoppe.
  7498 | D:6      | HP: 2/58 [orc warrior/+0 halberd (4)]
  7941 | D:6      | Reached skill level 10 in Short Blades
  8688 | D:7      | Gained mutation: When low on magic, you restore magic in
                  | place of health. [demonic ancestry]
  8688 | D:7      | Reached XP level 9. HP: 62/62 MP: 9/9
  8976 | D:7      | Reached skill level 11 in Short Blades
  9254 | D:7      | Found a staircase to the Ecumenical Temple.
  9364 | Temple   | Entered the Ecumenical Temple
  9801 | D:8      | Found Qyblet's Gadget Shop.
 10048 | D:7      | Reached skill level 12 in Short Blades
 10138 | D:7      | Found an iron altar of Okawaru.
 10179 | D:7      | Became a worshipper of Warmaster Okawaru
 10499 | D:8      | Noticed Maggie
 10530 | D:8      | Killed Maggie
 10530 | D:8      | Reached skill level 1 in Evocations
 10950 | D:8      | Reached * piety under Okawaru
 10990 | D:8      | Found a sparkling altar of Nemelex Xobeh.
 11585 | D:9      | Gained mutation: You have claws for feet. [demonic
                  | ancestry]
 11585 | D:9      | Reached XP level 10. HP: 70/70 MP: 11/11
 11865 | D:9      | Noticed a two-headed ogre
 11883 | D:9      | Killed a two-headed ogre
 11883 | D:9      | Reached ** piety under Okawaru
 12045 | D:9      | Noticed a two-headed ogre
 12062 | D:9      | Killed a two-headed ogre
 12069 | D:9      | Found a staircase to the Lair.
 12302 | D:9      | Found a basalt altar of Yredelemnul.
 12341 | D:9      | Found a shadowy altar of Dithmenos.
 12343 | D:9      | Found a bloodstained altar of Trog.
 12352 | D:9      | Found an ornate altar of the Wu Jian Council.
 12579 | D:10     | Entered Level 10 of the Dungeon
 12870 | D:10     | Reached *** piety under Okawaru
 12969 | D:10     | Identified the Almanac of Vitriolic Heat
 12986 | D:10     | Reached skill level 5 in Dodging
 13355 | D:10     | Gained mutation: You resist negative energy. (rN+) [demonic
                  | ancestry]
 13355 | D:10     | Reached XP level 11. HP: 55/77 MP: 11/13
 13777 | Lair:1   | Entered Level 1 of the Lair of Beasts
 13907 | Lair:1   | Reached **** piety under Okawaru
 14119 | Lair:1   | Noticed a four-headed hydra
 14142 | Lair:1   | Killed a four-headed hydra
 14142 | Lair:1   | Received a gift from Okawaru
 14530 | Lair:1   | You fall into a shaft and drop 1 floor!
 14537 | Lair:1   | Noticed a seven-headed hydra
 14547 | Lair:1   | Killed a seven-headed hydra
 15433 | Lair:1   | Reached ***** piety under Okawaru
 16372 | Lair:2   | Reached skill level 10 in Dodging
 16498 | Lair:2   | Reached skill level 5 in Fighting
 16623 | Lair:2   | Reached skill level 1 in Invocations
 16720 | Lair:2   | Received a gift from Okawaru
 17077 | Lair:2   | Reached skill level 5 in Armour
 17077 | Lair:2   | Reached skill level 5 in Shields
 17227 | Lair:2   | Noticed an eight-headed hydra
 17237 | Lair:2   | Killed an eight-headed hydra
 17237 | Lair:2   | Gained mutation: You are partially covered in sharp spines.
                  | [demonic ancestry]
 17237 | Lair:2   | Reached XP level 12. HP: 85/85 MP: 11/15
 17538 | Lair:2   | Found a staircase to the Swamp.
 18314 | Lair:3   | Reached skill level 5 in Evocations
 18354 | Lair:3   | Reached skill level 1 in Throwing
 18710 | Lair:3   | Reached skill level 5 in Invocations
 19696 | Lair:3   | Gained mutation: You expend magic power (3 MP) to
                  | strengthen your wands. [potion of mutation]
 19696 | Lair:3   | Gained mutation: Your muscles are strong. (Str +2) [potion
                  | of mutation]
 19696 | Lair:3   | Gained mutation: You passively map a small area around you.
                  | [potion of mutation]
 19862 | D:8      | Bought a wand of digging (7) for 264 gold pieces
 19862 | D:8      | Bought a lamp of fire for 480 gold pieces
 21136 | Lair:3   | Identified the Papyrus of the Icy Entourage
 21300 | Lair:4   | Found a hole to the Spider Nest.
 21826 | Lair:5   | Got a translucent buckler
 21946 | Lair:4   | Identified the +1 buckler of Meirchum {rElec} (You found it
                  | on level 5 of the Lair of Beasts)
 22050 | Lair:4   | Learned a level 1 spell: Animate Skeleton
 22080 | Lair:5   | Received a gift from Okawaru
 22080 | Lair:5   | Reached skill level 1 in Necromancy
 22083 | Lair:5   | Got a heavily runed helmet {god gift}
 22095 | Lair:5   | Identified the +1 helmet of Hospitality {rElec MR++}
                  | (Okawaru gifted it to you on level 5 of the Lair of Beasts)
 22222 | Lair:5   | Reached skill level 1 in Spellcasting
 22846 | Lair:6   | Entered Level 6 of the Lair of Beasts
 22854 | Lair:6   | Got an ancient flail
 22983 | Lair:6   | Noticed an eight-headed hydra
 23003 | Lair:5   | Reached XP level 13. HP: 20/92 MP: 9/18
 23694 | Lair:6   | Learned a level 4 spell: Olgreb's Toxic Radiance
 23793 | Lair:6   | Reached skill level 1 in Poison Magic
 23923 | Lair:6   | Found a staircase to the Slime Pits.
 23972 | Lair:6   | Received a gift from Okawaru
 24046 | Lair:6   | Identified the +5 flail of Calculation {elec, rPois rN+
                  | Str-5 Dex+4} (You found it on level 6 of the Lair of
                  | Beasts)
 24312 | Lair:6   | Received a gift from Okawaru
 24429 | Lair:6   | Noticed a dire elephant
 24580 | Lair:6   | Noticed Josephine
 24596 | Lair:6   | Killed Josephine
 24686 | Lair:6   | Killed a dire elephant
 25085 | Lair:6   | Learned a level 1 spell: Sting
 25481 | D:11     | Found a staircase to the Orcish Mines.
 25507 | D:11     | Noticed Harold
 25534 | D:11     | Killed Harold
 25534 | D:11     | Reached skill level 13 in Short Blades
 25611 | D:11     | Found a frozen archway.
 25651 | IceCv    | Entered an ice cave
 25963 | IceCv    | Reached ****** piety under Okawaru
 26103 | IceCv    | HP: 1/92 [ice statue] (10)]
 26627 | IceCv    | Reached XP level 14. HP: 60/99 MP: 15/20
 27467 | D:11     | Received a gift from Okawaru
 27613 | D:11     | Noticed Fannar
 27627 | D:11     | Killed Fannar
 28019 | Orc:1    | Entered Level 1 of the Orcish Mines
 28327 | Orc:1    | Reached skill level 14 in Short Blades
 28521 | Orc:1    | Found a roughly hewn altar of Beogh.
 28677 | Orc:2    | Entered Level 2 of the Orcish Mines
 29080 | Orc:2    | Reached skill level 5 in Poison Magic
 29170 | Orc:2    | Found a staircase to the Elven Halls.
 29605 | Orc:1    | Learned a level 2 spell: Poisonous Vapours
 30455 | Orc:2    | Found Supt's Book Shoppe.
 30455 | Orc:2    | Found Hulifemn's Book Boutique.
 30457 | Orc:2    | Found Zuerch's Gadget Shop.
 30459 | Orc:2    | Found Tuatoixt's Assorted Antiques.
 30464 | Orc:2    | Bought a book of Necromancy for 480 gold pieces
 30469 | Orc:2    | Learned a level 4 spell: Animate Dead
 30472 | Orc:2    | Bought a scroll of identify for 48 gold pieces
 30472 | Orc:2    | Bought a scroll of teleportation for 72 gold pieces
 30472 | Orc:2    | Bought a scroll of remove curse for 72 gold pieces
 30472 | Orc:2    | Bought a scroll of remove curse for 72 gold pieces
 30472 | Orc:2    | Bought a scroll labeled VUYSUI UCYO for 24 gold pieces
 30472 | Orc:2    | Bought a smoky green potion for 21 gold pieces
 30472 | Orc:2    | Bought a scroll of identify for 48 gold pieces
 30477 | Orc:2    | Bought a lightning rod (4/4) for 480 gold pieces
 30753 | Orc:1    | Noticed Urug
 30771 | Orc:1    | Killed Urug
 31611 | D:12     | Reached skill level 5 in Necromancy
 32248 | D:12     | Found Cear's Book Emporium.
 32910 | D:13     | Noticed Nessos
 32940 | D:13     | Killed Nessos
 32947 | D:13     | Noticed Rupert
 32971 | D:13     | Killed Rupert
 32971 | D:13     | Received a gift from Okawaru
 33192 | D:13     | Noticed Erolcha
 33211 | D:13     | Killed Erolcha
 33572 | D:13     | Reached skill level 10 in Necromancy
 34049 | D:13     | Found Osua's Book Shoppe.
 34355 | D:14     | Found Dyed's Distillery.
 34411 | D:14     | Reached XP level 15. HP: 81/105 MP: 9/21
 34436 | D:14     | Found a gate leading to a gauntlet.
 34441 | D:14     | Bought 2 potions of heal wounds for 150 gold pieces
 34443 | D:14     | Bought a potion of curing for 45 gold pieces
 34443 | D:14     | Bought a potion of curing for 45 gold pieces
 34469 | D:14     | Found Usom's Armour Boutique.
 34525 | D:14     | Found Ydeohaph's Weapon Boutique.
 34534 | D:14     | Found Baodghiu's Antique Armour Shoppe.
 34550 | Gauntlet | Entered a Gauntlet
 34550 | Gauntlet | Found a transporter.
 34550 | Gauntlet | Found a transporter.
 34550 | Gauntlet | Found a transporter.
 34636 | Gauntlet | Found a transporter.
 34640 | Gauntlet | Found a transporter.
 34650 | Gauntlet | Found a transporter.
 34654 | Gauntlet | Found a transporter.
 34674 | Gauntlet | Found a transporter.
 34685 | Gauntlet | Found a transporter.
 34706 | Gauntlet | Found a transporter.
 34706 | Gauntlet | Found a transporter.
 34716 | Gauntlet | Found a transporter.
 34963 | Gauntlet | Got a pair of spiked gloves
 34966 | Gauntlet | Identified the +0 pair of gloves "Ilaibezi" {+Inv rN+
                  | Str+3} (You found it in a Gauntlet)
 35048 | Gauntlet | Found the +3 giant club "Skullcrusher" {speed, Str+7}
 35645 | D:14     | Bought an ancient robe for 193 gold pieces
 35646 | D:14     | Identified the +2 robe "Qirch" {-Tele rC- MR+++ Int+4} (You
                  | bought it in a shop on level 14 of the Dungeon)
 35669 | D:14     | Bought a potion of haste for 150 gold pieces
 35669 | D:14     | Bought a potion of resistance for 150 gold pieces
 35669 | D:14     | Bought a potion of lignification for 45 gold pieces
 36145 | D:14     | Found a gate to the Vaults.
 36158 | D:14     | Noticed Azrael
 36166 | D:14     | Killed Azrael
 36320 | D:14     | Found Beneac's Antique Weapon Boutique.
 36737 | Swamp:1  | Entered Level 1 of the Swamp
 37010 | Swamp:1  | Reached skill level 5 in Throwing
 37024 | Swamp:1  | Received a gift from Okawaru
 38093 | Spider:1 | Entered Level 1 of the Spider Nest
 38096 | Spider:1 | Learned a level 1 spell: Pain
 38100 | Spider:1 | Learned a level 3 spell: Vampiric Draining
 38106 | Spider:1 | Learned a level 5 spell: Agony
 38317 | Spider:1 | Received a gift from Okawaru
 39981 | Elf:1    | Entered Level 1 of the Elven Halls
 40405 | Elf:1    | Received a gift from Okawaru
 40526 | Elf:1    | Received a gift from Okawaru
 41208 | Elf:1    | Reached XP level 16. HP: 87/115 MP: 22/22
 41464 | Elf:1    | Identified Jemethri's Disquisition on Combat Magic
 41997 | Elf:1    | Received a gift from Okawaru
 42463 | Elf:2    | Reached skill level 10 in Shields
 43095 | Elf:2    | Found a radiant altar of Vehumet.
 43739 | Lair:5   | Reached skill level 1 in Stealth
 44600 | Elf:2    | Reached skill level 5 in Stealth
 44960 | Elf:2    | Found a huge runed translucent gate.
 44960 | Elf:2    | Found a huge runed translucent gate.
 44961 | Elf:2    | Found a huge runed translucent gate.
 44962 | Elf:2    | Found a huge runed translucent gate.
 44971 | Elf:2    | Found a huge runed translucent gate.
 44975 | Elf:2    | Received a gift from Okawaru
 44978 | Elf:2    | Got a steaming broad axe {god gift}
 44992 | Elf:2    | Identified the +7 broad axe "Hydrabane" {speed, rElec}
                  | (Okawaru gifted it to you on level 2 of the Elven Halls)
 46209 | Elf:2    | Received a gift from Okawaru
 46353 | Elf:2    | Noticed a deep elf blademaster
 46929 | Elf:2    | Gained mutation: You are mostly covered in thin metallic
                  | scales. (AC +3) [demonic ancestry]
 46929 | Elf:2    | Reached XP level 17. HP: 120/120 MP: 21/23
 47045 | Elf:2    | Killed a deep elf blademaster
 47839 | Swamp:2  | Reached skill level 10 in Stealth
 48976 | Swamp:3  | Got a distressingly furry plate armour
 49301 | Swamp:4  | Entered Level 4 of the Swamp
 49504 | Swamp:4  | Identified the +2 plate armour of Okawaru's Supremacy
                  | {rN++} (You found it on level 3 of the Swamp)
 50158 | Swamp:4  | Noticed Bai Suzhen
 50985 | Swamp:4  | Killed from afar by Bai Suzhen

Levels and vault maps discovered:
D:1:      dpeg_arrival_tiny_g, layout_basic, dk_noncrumbling_4
D:2:      layout_basic
D:3:      layout_basic, first_ration, chequers_big_river, uniq_robin
D:4:      layout_basic, grunt_temple_overflow_magic_moments
D:5:      layout_basic, kennysheep_little_box, eat_drink_and_be_merry_uskayaw,
          lemuel_another_geyser
D:6:      layout_basic, kennysheep_mini, serial_shops, shop_fountains
D:7:      layout_rooms, okawaru_altar_gauntlet_db, temple_doors_e
D:8:      kennysheep_kobold_camp, layout_loops_ring, old_standard_altar,
          serial_shops, shop_fountains, uniq_maggie
D:9:      layout_small_grid, lemuel_zombie_altar_yredelemnul, minitemple,
          david_lair_shrubbed
D:10:     layout_irregular_city
D:11:     layout_cave_pools, david_orc_1_choice, portal_ice_cave_entry_imps,
          uniq_fannar, uniq_harold
D:12:     layout_cross, serial_rivers, chequers_serial_rivers_room_b,
          chequers_serial_rivers_micro_b, chequers_serial_rivers_small_3,
          chequers_serial_rivers_small_b, chequers_serial_rivers_room_b,
          chequers_serial_rivers_micro_c, serial_shops,
          nicolae_shop_window_shopping
D:13:     minmay_the_grid_plus [minmay_the_grid_stretched_grid,
          minmay_the_grid_zigzag_pyramid, minmay_the_grid_outer_circle,
          minmay_the_grid_mess, minmay_the_grid_prize_shrinking_boxes],
          layout_loops_ring, serial_shops, shop, uniq_nessos, uniq_erolcha,
          uniq_rupert
D:14:     lemuel_flame_loot_2, layout_rooms, ximxim_vaults_locker_room,
          gauntlet_entry_generic, serial_shops, nicolae_shop_trees,
          nicolae_shop_stone, shop, nicolae_shop_overgrown_old_shop, shop,
          hangedman_pestilent_swarm, uniq_azrael
Temple:   cyrus_temple_forest
Lair:1:   lemuel_reptile_caves, layout_cave_shapes, minivault_11, worms_lemuel
Lair:2:   layout_loops_ring, nicolae_swamp_entry_splash_gauntlet, serial_forest,
          infiniplex_forest_lined_3, infiniplex_forest_straight_3,
          infiniplex_forest_end_1, infiniplex_forest_clump_tiny,
          infiniplex_forest_end_3, infiniplex_forest_clump_diagonal,
          infiniplex_forest_zigzag_1, columned_hall_lemuel,
          serial_bayou_crossing
Lair:3:   statuecave_lemuel, layout_cave_pods, grunt_megastairs_2,
          serial_bayou_shore_a
Lair:4:   layout_misc_corridors, spider_nest_entry_web_field, grunt_megastairs_1
Lair:5:   layout_big_grid, patterned_corridor, grunt_megastairs_4,
          minmay_lair_oklob_chamber
Lair:6:   grunt_lair_end_beastmaster, layout_misc_corridors, slime_dummy,
          uniq_josephine
Swamp:1:  layout_falls_marsh, nicolae_swamp_rocky_clearing,
          infiniplex_staircase_pool_2
Swamp:2:  layout_basic_swamp, evilmike_swamp_ruin_rubble_1
Swamp:3:  layout_basic_swamp, nicolae_swamp_trees_clearing, swamp_pool3
Swamp:4:  swamp_basic_johnstein, layout_basic_swamp, swamp_pool4,
          nicolae_swamp_dense_foliage, uniq_bai_suzhen
Spider:1: layout_spider_delve
Orc:1:    layout_caves, bh_open_orc_temple, uniq_urug
Orc:2:    st_orc_rangers, layout_caves
Elf:1:    layout_loops_corners, minmay_elf_annihilation
Elf:2:    layout_rooms, basic_altar, small_statue_intersection

Skill      XL: |  1  2  3  4  5  6  7  8  9 10 11 12 13 14 15 16 17 |
---------------+----------------------------------------------------+-----
Short Blades   | 2 3 4 5 7 8 10 12 13 14 | 14.2
Dodging        | 1 2 6 10 11 12 | 12.1
Armour         | 3 4 5 6 7 |  7.5
Shields        | 3 4 5 7 11 | 11.5
Evocations     | 2 3 4 6 8 |  8.6
Fighting       | 4 5 7 8 |  8.1
Invocations    | 3 6 |  6.7
Throwing       | 3 4 5 |  5.7
Necromancy     | 3 10 | 10.1
Spellcasting   | 2 4 |  4.6
Poison Magic   | 4 7 |  7.4
Stealth        | 8 10 | 10.0

Action                   |  1- 3 |  4- 6 |  7- 9 | 10-12 | 13-15 | 16-18 || total
-------------------------+-------+-------+-------+-------+-------+-------++-------
Melee: Rapier            |   137 |   226 |   305 |       |  1453 |   874 ||  2995
       Kick              |    25 |    61 |   283 |   561 |   655 |   361 ||  1946
       Dagger            |       |       |   271 |  1495 |   212 |       ||  1978
       Short sword       |       |       |   173 |       |       |       ||   173
       Scimitar          |       |       |       |       |       |    83 ||    83
Throw: Dart              |       |       |       |     8 |     5 |    14 ||    27
       Javelin           |       |       |       |     5 |       |       ||     5
 Cast: Animate Skeleton  |       |       |       |     1 |    71 |     1 ||    73
       Olgreb's Toxic Ra |       |       |       |       |    41 |    20 ||    61
       Animate Dead      |       |       |       |       |    28 |    29 ||    57
       Sting             |       |       |       |       |     1 |       ||     1
       Agony             |       |       |       |       |       |     1 ||     1
Invok: Heroism           |       |       |       |     6 |     7 |     9 ||    22
       Finesse           |       |       |       |       |     5 |     7 ||    12
 Abil: Evoke Berserk Rag |       |       |       |     6 |    12 |     3 ||    21
       Evoke Flight      |       |       |       |     1 |     2 |       ||     3
       Stop Flying       |       |       |       |       |     1 |       ||     1
       Evoke Invisibilit |       |       |       |       |     1 |       ||     1
Evoke: Wand              |       |       |       |     4 |       |     6 ||    10
       Lightning rod     |       |       |       |       |       |     4 ||     4
       Phial of floods   |       |       |       |       |       |     1 ||     1
  Use: Scroll            |     2 |     5 |    16 |     9 |    17 |    13 ||    62
       Potion            |       |     3 |     4 |     2 |     4 |     4 ||    17
 Stab: Confused          |       |       |       |     2 |       |       ||     2
       Distracted        |       |       |       |       |    11 |     5 ||    16
       Invisible         |       |       |       |       |     2 |       ||     2
       Sleeping          |       |       |       |       |       |     6 ||     6
  Eat: Chunk             |     4 |    10 |    12 |    26 |    48 |    20 ||   120
       Ration            |       |       |     3 |     4 |    11 |     7 ||    25
Armor: Scale mail        |    72 |    72 |    55 |       |       |       ||   199
       Ring mail         |       |       |    49 |       |       |       ||    49
       Swamp dragon scal |       |       |    10 |   248 |   292 |   207 ||   757
Dodge: Dodged            |    30 |    37 |    60 |   414 |   888 |   382 ||  1811
Block: Kite shield       |    41 |       |       |       |       |       ||    41
       Tower shield      |    44 |   124 |   415 |   799 |       |       ||  1382
       Buckler           |       |       |       |    72 |   383 |   280 ||   735
       Rpst.: Scimitar   |       |       |       |       |       |    12 ||    12

Table legend:
 A = Non-vault XP
 B = Vault XP
 C = Vault XP percentage of total XP
 D = Non-vault monster count
 E = Vault monster count
 F = Vault count percentage of total count
                 A         B        C        D         E       F
            +---------+---------+-------+---------+---------+-------
      Total |  161554 |   93218 |  36.6 |     801 |     298 |  27.1
            +---------+---------+-------+---------+---------+-------
        D:1 |      32 |       0 |   0.0 |      17 |       0 |   0.0
        D:2 |      49 |       0 |   0.0 |      15 |       0 |   0.0
        D:3 |     126 |      35 |  21.7 |      31 |      11 |  26.2
        D:4 |     360 |       0 |   0.0 |      22 |       0 |   0.0
        D:5 |     440 |       0 |   0.0 |      10 |       0 |   0.0
        D:6 |    1667 |       0 |   0.0 |      38 |       0 |   0.0
        D:7 |    1299 |      12 |   0.9 |      33 |       6 |  15.4
        D:8 |     935 |     522 |  35.8 |      20 |      22 |  52.4
        D:9 |    2751 |     347 |  11.2 |      29 |       3 |   9.4
       D:10 |    2601 |       0 |   0.0 |      41 |       0 |   0.0
       D:11 |    3894 |    2411 |  38.2 |      25 |      23 |  47.9
       D:12 |    6545 |       0 |   0.0 |      45 |       0 |   0.0
       D:13 |    5705 |    8511 |  59.9 |      33 |      16 |  32.7
       D:14 |    7882 |    6299 |  44.4 |      41 |      17 |  29.3
     Lair:1 |    4489 |    1895 |  29.7 |      16 |      33 |  67.3
     Lair:2 |    5420 |     355 |   6.1 |      24 |       3 |  11.1
     Lair:3 |    4385 |    1168 |  21.0 |      20 |       3 |  13.0
     Lair:4 |    2568 |     235 |   8.4 |      12 |       2 |  14.3
     Lair:5 |    5105 |    3215 |  38.6 |      20 |       9 |  31.0
     Lair:6 |    9360 |    9527 |  50.4 |      32 |      22 |  40.7
    Swamp:1 |    8526 |       0 |   0.0 |      19 |       0 |   0.0
    Swamp:2 |   12381 |       0 |   0.0 |      41 |       0 |   0.0
    Swamp:3 |    5091 |       0 |   0.0 |      17 |       0 |   0.0
    Swamp:4 |    3859 |   12105 |  75.8 |      15 |      19 |  55.9
   Spider:1 |    8637 |       0 |   0.0 |      26 |       0 |   0.0
      Orc:1 |    3560 |    1858 |  34.3 |      46 |       5 |   9.8
      Orc:2 |    1563 |    5807 |  78.8 |      28 |      38 |  57.6
      Elf:1 |   24606 |    3456 |  12.3 |      43 |       5 |  10.4
      Elf:2 |   27718 |   25180 |  47.6 |      42 |      31 |  42.5
      IceCv |       0 |    5253 | 100.0 |       0 |      20 | 100.0
   Gauntlet |       0 |    5027 | 100.0 |       0 |      10 | 100.0
            +---------+---------+-------+---------+---------+-------
